 Dungeon Crawl Stone Soup version 0.21.1-1-g345015fe64 (webtiles) character file.

37 Mrkan the Insei (level 3, -1/23 HPs)
             Began as an Octopode Transmuter on May 8, 2018.
             Slain by a kobold
             ... wielding a +0 club
              (3 damage)
             ... on level 2 of the Dungeon.
             The game lasted 00:02:26 (736 turns).

Mrkan the Insei (Octopode Transmuter)                Turns: 736, Time: 00:02:27

Health: -1/23      AC:  1    Str:  9    XL:     3   Next: 39%
Magic:  6/6        EV: 13    Int: 16    God:
Gold:   39         SH:  0    Dex: 12    Spells: 5/6 levels left

rFire    . . .     SeeInvis .     - Unarmed
rCold    . . .     Gourm    .   (no shield)
rNeg     . . .     Faith    .   (helmet restricted)
rPois    .         Spirit   .   (no amulet)
rElec    .         Reflect  .   (no ring)
rCorr    .         Harm     .   (no ring)
MR       .....                  (no ring)
Stlth    ++........             (no ring)
HPRegen  0.07/turn              (no ring)
MPRegen  0.10/turn              (no ring)
                                (no ring)
                                (no ring)

@: no status effects
A: almost no armour, stealthy swim, amphibious, 8 rings, constrict 8, camouflage
1, gelatinous body 1
a: no special abilities


You were on level 2 of the Dungeon.
You were not hungry.

You visited 1 branch of the dungeon, and saw 2 of its levels.

You collected 39 gold pieces.

Inventory:

Missiles
 a - 27 arrows
Scrolls
 d - 3 scrolls of immolation {unknown}
 f - a scroll of remove curse {unknown}
 g - a scroll of teleportation {unknown}
 i - a scroll of blinking {unknown}
 k - a scroll of identify {unknown}
Potions
 e - a potion of invisibility {unknown}
 h - a potion of curing {unknown}
 j - a potion of might {unknown}
Books
 b - a book of Changes

   Spells                             Type                      Level
   a - Beastly Appendage              Transmutation                1
   b - Sticks to Snakes               Transmutation                2
   c - Spider Form                    Transmutation/Poison         3
   d - Ice Form                       Ice/Transmutation            4
   e - Blade Hands                    Transmutation                5
Comestibles
 c - 2 rations
 l - 7 chunks of flesh


   Skills:
 - Level 1.0 Fighting
 - Level 2.0 Dodging
 + Level 3.3 Unarmed Combat
 + Level 2.4 Spellcasting
 * Level 3.0 Transmutations


You had 5 spell levels left.
You knew the following spells:

 Your Spells              Type           Power        Failure   Level  Hunger
a - Beastly Appendage     Tmut           ##....       6%          1    #......


Dungeon Overview and Level Annotations

Branches:
Dungeon (2/15)

Altars:
Hepliaklqana


Innate Abilities, Weirdness & Mutations

You cannot wear most types of armour.
You are very stealthy in the water. (Stealth+)
You are amphibious.
You can wear up to eight rings at the same time.
You can use your tentacles to constrict eight enemies at once.
Your skin changes colour to match your surroundings (Stealth+).
Your rubbery body absorbs attacks. (AC +1, EV +1)


Message History

You tentacle-slap the goblin. Your grab misses the goblin.
Your squeeze misses the goblin.
The goblin is moderately wounded.
The dart slug launches a dart at you. The slug dart hits you!
The goblin hits you with a club.
You barely miss the goblin. Your grab misses the goblin.
The goblin is moderately wounded.
You tentacle-slap the goblin. You grab the goblin.
The goblin is severely wounded.
You constrict the goblin.
You kill the goblin!
Your Transmutations skill increases to level 3!
The dart slug launches a dart at you. The slug dart hits you!
* * * LOW HITPOINT WARNING * * *
You see here a club.
The kobold hits you with a club.
* * * LOW HITPOINT WARNING * * *
The kobold hits you with a club.
You die...

..............#.#.
....###+#+#+#.#)# .#
....# # #.#.#.#.#
#.# ....+
..#.#..(#.# ...#
....#
..........###....
....#
.......(........
>...+
[......(.......
....#
.........wK###.
....#.........).@#
.........?.......#
.................#
.........[.........
#####...............
# ...............# #
.............#.# #
............###


You could see a dart slug and a kobold.

Vanquished Creatures
  2 adders (D:2)
  A dart slug (D:1)
  2 giant cockroaches
  3 hobgoblins
  A kobold (D:2)
  2 bats (D:1)
  3 goblins
  3 rats (D:2)
17 creatures vanquished.

Notes
Turn   | Place    | Note
-------+----------+-------------------------------------------
     0 | D:1      | Mrkan the Octopode Transmuter began the quest for the Orb.
     0 | D:1      | Reached XP level 1. HP: 13/13 MP: 3/3
   233 | D:1      | Found a hazy altar of Hepliaklqana.
   257 | D:1      | Reached XP level 2. HP: 15/18 MP: 5/5
   561 | D:2      | Reached XP level 3. HP: 22/23 MP: 4/6
   736 | D:2      | Slain by a kobold

Skill      XL: |  1  2  3 |
---------------+----------+-----
Transmutations | 3 |  3.0
Fighting       | |  1.0
Dodging        | |  2.0
Unarmed Combat | |  3.3
Spellcasting   | |  2.4

Action                   || total
-------------------------++-------
Melee: Unarmed           ||    39
       Constrict         ||    12
       Tentacles         ||     6
       Kick              ||     4
 Cast: Beastly Appendage ||     4
Armor: Skin              ||     4
Dodge: Dodged            ||    41
